Map: Jagannatha LE

Players

soul - Winner!

  • Race: Terran Terran
  • League: Grandmaster
  • Spawn Location: 1:00

PtitDrogo

  • Race: Protoss Protoss
  • Spawn Location: 7:00

Event: DreamHack SC2 Masters 2020 Winter

VOD

Have the link to the VOD?

Description

Time

  • Played on: Oct. 30, 2020, 11:36 a.m.
  • Length: 20:18

All games in this series

Show
View Real Time Build Order
Export as new Build Order

soul Terran - Winner!

Build Orders: Reaper Expand 

Get SALT Encoding   

  12  0:00  SCV  
  13  0:12  SCV  
  14  0:17  Supply Depot  
  14  0:24  SCV  
  15  0:38  SCV  
  15  0:39  Barracks  
  16  0:44  Refinery  
  16  0:50  SCV  
  17  1:03  SCV  
  18  1:15  SCV  
  19  1:27  Reaper, Orbital Command  
  20  1:43  Command Center  
  20  1:56  SCV, Supply Depot  
  20  1:58  Marine  
  22  2:09  Factory  
  22  2:10  SCV  
  23  2:17  Bunker  
  23  2:20  Barracks Reactor  
  23  2:23  SCV  
  23  2:27  Refinery  
  24  2:35  SCV  
  25  2:47  SCV  
  26  2:55  Hellion  
  28  2:58  Starport  
  28  2:59  SCV, Marine  
  28  3:00  Marine  
  31  3:12  SCV  
  31  3:14  Orbital Command  
  31  3:17  Marine  
  31  3:18  Factory Tech Lab  
  32  3:20  Orbital Command  
  32  3:24  SCV  
  33  3:30  Marine  
  33  3:36  Viking, SCV  
  36  3:46  SCV, Supply Depot  
  36  3:48  SCV  
  38  3:50  Cyclone  
  41  3:58  SCV, Supply Depot  
  41  4:00  SCV  
  41  4:02  Marine  
  44  4:10  SCV  
  44  4:12  SCV  
  46  4:20  Command Center  
  46  4:22  SCV  
  46  4:23  Cyclone  
  50  4:29  Viking  
  50  4:31  SCV  
  53  4:35  SCV  
  54  4:39  Armory, Supply Depot  
  54  4:41  Marine  
  54  4:43  SCV  
  54  4:47  SCV  
  55  4:55  SCV  
  57  5:00  SCV  
  57  5:03  Barracks x2  
  56  5:07  SCV, Marine  
  56  5:12  SCV  
  56  5:14  Refinery, Siege Tank  
  61  5:15  Refinery  
  61  5:19  SCV  
  62  5:24  SCV  
  62  5:25  Supply Depot  
  62  5:26  Medivac, Drilling Claws  
  65  5:31  SCV, Marine  
  65  5:32  Marine  
  68  5:35  Orbital Command  
  68  5:36  SCV  
  69  5:43  SCV  
  69  5:46  Siege Tank  
  69  5:48  SCV  
  69  5:49  Marine  
  75  5:53  Barracks Tech Lab  
  75  5:55  SCV  
  75  5:56  Starport Reactor  
  76  5:58  Engineering Bay  
  76  5:59  Engineering Bay, Barracks Tech Lab  
  76  6:00  SCV  
  76  6:04  Orbital Command  
  77  6:07  SCV  
  78  6:12  SCV, Marauder, Marine x2  
  84  6:18  Widow Mine  
  84  6:20  SCV, Supply Depot  
  84  6:21  Supply Depot  
  86  6:25  Missile Turret  
  86  6:26  Missile Turret  
  86  6:30  Terran Infantry Armor Level 1  
  85  6:36  Terran Infantry Weapons Level 1  
  85  6:37  SCV x3  
  88  6:40  Widow Mine  
  88  6:45  Bunker  
  88  6:49  SCV x3, Marine  
  88  6:50  Marauder  
  94  7:01  SCV x3, Bunker, Widow Mine  
  94  7:07  Supply Depot  
  97  7:08  Supply Depot  
  97  7:10  Medivac  
  97  7:11  Medivac  
  97  7:13  SCV x3  
  104  7:25  SCV x3  
  104  7:28  Barracks x2  
  105  7:33  Barracks Reactor  
  105  7:35  Supply Depot  
  105  7:37  SCV x2  
  105  7:38  Missile Turret  
  105  7:41  Supply Depot  
  108  7:45  Sensor Tower  
  108  7:46  Widow Mine  
  108  7:50  Supply Depot  
  109  7:57  Medivac x2, Widow Mine  
  109  7:58  Supply Depot  
  115  8:04  Supply Depot  
  115  8:05  Supply Depot  
  115  8:07  Widow Mine  
  115  8:09  Marauder, Refinery x2, Marine  
  115  8:11  Ghost Academy  
  115  8:12  Marauder, Marine  
  123  8:14  SCV  
  123  8:19  Widow Mine  
  126  8:20  Barracks Reactor, Barracks Tech Lab  
  122  8:27  Medivac x2, Marine  
  122  8:29  Widow Mine  
  122  8:30  Marine  
  122  8:31  Marauder  
  132  8:34  Marauder  
  132  8:40  Marauder, Widow Mine  
  136  8:42  Missile Turret  
  136  8:43  Missile Turret  
  136  8:44  Supply Depot  
  136  8:45  Marine  
  136  8:46  Supply Depot  
  136  8:47  Combat Shield, Stimpack  
  137  8:49  Marine  
  137  8:50  Widow Mine  
  137  8:52  Marauder  
  144  8:55  Marauder  
  144  8:59  Marine  
  144  9:01  Marauder, Widow Mine  
  151  9:02  Marine x2  
  151  9:06  Marine  
  154  9:10  Supply Depot  
  154  9:11  Liberator x2  
  154  9:13  Widow Mine  
  154  9:14  Marauder  
  154  9:17  Marauder, Marine  
  164  9:21  Marine  
  164  9:23  Marauder, Marine  
  162  9:25  Marine  
  155  9:35  Marauder, Marine  
  155  9:37  Marine  
  163  9:38  Widow Mine x2  
  163  9:39  Marine  
  163  9:40  Marine  
  163  9:42  Terran Infantry Armor Level 2, Terran Infantry Weapons Level 2  
  163  9:44  Marauder  
  163  9:45  SCV  
  168  9:52  Marine  
  169  9:56  Marauder  
  169  9:57  Medivac x2  
  169  9:59  Bunker  
  177  10:00  Widow Mine  
  177  10:06  Command Center  
  177  10:07  Marauder  
  168  10:34  Ghost x3  
  166  10:36  SCV, Marine  
  166  10:40  Marine  
  168  10:52  Viking x2  
  168  10:56  Widow Mine x2, Marine x3  
  175  11:01  SCV, Refinery, Barracks  
  175  11:02  Barracks  
  175  11:03  Barracks  
  175  11:04  Marauder x2, Marine  
  174  11:05  Marauder  
  175  11:15  Marine  
  175  11:16  SCV  
  175  11:17  SCV x2  
  175  11:18  Marine  
  180  11:20  Enhanced Shockwaves  
  180  11:25  Marauder x2, Marine  
  185  11:28  SCV  
  185  11:29  SCV  
  185  11:42  Marine  
  185  11:44  Marauder, Marine  
  185  11:46  Marine  
  189  11:47  Marauder, Marine  
  189  11:51  Marauder  
  152  12:00  Marine  
  119  12:02  Marine  
  119  12:04  Marine  
  119  12:05  Marine  
  119  12:06  Planetary Fortress, Marauder  
  119  12:08  Viking x2, Marine  
  118  12:12  Marine, Widow Mine x2  
  118  12:14  SCV x3  
  125  12:26  SCV x2  
  125  12:29  Ghost  
  120  12:30  Ghost, Marine x5  
  120  12:33  Widow Mine  
  120  12:34  SCV, Widow Mine  
  128  12:39  SCV  
  133  12:44  SCV x2  
  133  12:49  Marauder  
  133  12:51  Refinery  
  133  12:55  Marine, Widow Mine  
  133  12:56  Barracks Tech Lab  
  133  12:57  Barracks Tech Lab  
  136  12:59  Marauder x2, Fusion Core  
  136  13:00  Medivac x2  
  136  13:01  Refinery  
  140  13:12  Marauder  
  142  13:13  Sensor Tower  
  142  13:16  SCV  
  142  13:19  Command Center  
  143  13:20  SCV x2, Marauder  
  143  13:22  Marauder x3, Barracks Tech Lab  
  151  13:28  Starport  
  151  13:33  Marauder  
  153  13:35  Factory Reactor  
  153  13:37  Marine  
  152  13:42  Marauder  
  152  13:43  Marauder  
  152  13:48  Marauder, Marine  
  153  13:49  Marauder, Marine  
  153  13:51  Marauder  
  153  13:52  Liberator x2  
  153  13:55  Advanced Ballistics, Marauder  
  164  14:03  Marauder  
  164  14:05  Liberator  
  164  14:09  SCV  
  169  14:13  Terran Ship Weapons Level 1  
  169  14:14  Personal Cloaking  
  169  14:20  Missile Turret  
  169  14:22  Liberator  
  169  14:23  Marauder x3  
  178  14:33  Planetary Fortress  
  178  14:38  Refinery  
  176  14:40  Refinery  
  176  14:43  Liberator x2  
  181  14:54  Command Center, Liberator  
  181  15:01  Marine  
  181  15:02  Marauder x2  
  181  15:05  Liberator  
  186  15:19  Command Center  
  186  15:26  Liberator  
  183  15:33  Marauder x4, Marine  
  183  15:34  Liberator  
  191  15:37  Liberator  
  191  15:40  Nuke  
  194  15:48  Liberator  
  190  16:00  Marine  
  190  16:01  Marine  
  190  16:04  Marauder x6, Marine  
  169  16:06  Marine  
  169  16:09  Liberator  
  143  16:21  Widow Mine  
  157  16:28  Ghost x5, Marine  
  157  16:29  Marauder  
  157  16:30  Marine  
  153  16:45  SCV x4  
  153  16:46  Terran Infantry Weapons Level 3  
  157  16:50  Marauder  
  159  16:57  Medivac  
  159  17:00  Medivac x3  
  166  17:14  Marauder x6  
  175  17:22  Marine  
  175  17:27  Medivac  
  175  17:29  Medivac  
  178  17:32  Medivac  
  178  17:33  Terran Ship Weapons Level 2  
  178  17:35  Marauder x2  
  186  17:37  Marine  
  186  17:38  Marauder  
  186  17:39  Marine  
  186  17:40  Marauder  
  190  17:53  Nuke  
  190  18:02  Command Center  
  190  18:11  Marauder x3, Marine  
  190  18:12  Marauder x2, Marine  
  150  18:13  Marauder  
  150  18:15  Marine  
  150  18:17  Marine  
  139  18:26  SCV x2  
  139  18:29  Marine  
  139  18:30  Marine  
  139  18:31  SCV x2  
  139  18:32  Marine x2  
  139  18:33  Marauder  
  145  18:36  Marine  
  145  18:40  Marauder, Marine  
  141  18:41  Marine  
  141  18:43  Marauder  
  141  18:47  Marine  
  141  18:48  Marine  
  140  18:51  Marauder x2  
  140  18:54  Marauder, Marine  
  140  18:57  Marine  
  140  19:00  Marauder  
  140  19:01  Marine  
  118  19:04  Marauder, Marine  
  118  19:05  Marine  
  119  19:11  Ghost, Marine  
  119  19:12  Marine  
  119  19:13  Liberator x3  
  119  19:14  Liberator  
  119  19:15  Marauder  
  133  19:19  Marine  
  133  19:21  Marine  
  133  19:23  Orbital Command  
  130  19:24  Marine  
  130  19:26  Marine  
  130  19:27  Marine  
  130  19:32  Marauder, Marine  
  130  19:40  Marauder  
  130  19:41  Marine  
Show
View Real Time Build Order
Export as new Build Order

PtitDrogo Protoss 

Build Orders: 1 Gate Expand, Phoenix Opening, Zealot Archon, Colossus Rush 

Get SALT Encoding   

  12  0:00  Probe  
  13  0:12  Probe  
  14  0:17  Pylon  
  14  0:24  Probe  
  15  0:35  Gateway  
  15  0:36  Probe (Chrono Boost)  
  16  0:46  Probe (Chrono Boost), Assimilator  
  17  0:51  Probe (Chrono Boost)  
  18  1:03  Probe  
  19  1:15  Probe  
  20  1:22  Cybernetics Core  
  20  1:35  Nexus  
  20  1:41  Pylon  
  20  1:45  Probe  
  21  1:49  Assimilator  
  21  1:57  Probe, Adept (Chrono Boost)  
  24  2:09  Probe  
  24  2:11  Shield Battery  
  25  2:19  Adept (Chrono Boost)  
  25  2:22  Probe  
  28  2:33  Stargate  
  28  2:34  Probe  
  29  2:39  Warp Gate  
  29  2:47  Adept  
  29  2:49  Probe (Chrono Boost)  
  29  2:50  Probe (Chrono Boost)  
  34  3:00  Probe (Chrono Boost)  
  34  3:01  Probe (Chrono Boost)  
  35  3:08  Probe  
  35  3:10  Probe  
  37  3:17  Phoenix (Chrono Boost)  
  39  3:20  Probe  
  38  3:28  Probe  
  38  3:32  Probe  
  38  3:33  Phoenix  
  38  3:34  Pylon  
  40  3:40  Gateway  
  42  3:41  Gateway  
  42  3:44  Probe  
  43  3:48  Robotics Facility  
  43  3:50  Probe  
  44  3:57  Phoenix (Chrono Boost)  
  44  3:58  Probe  
  44  4:02  Probe  
  48  4:05  Assimilator  
  48  4:07  Pylon  
  48  4:10  Assimilator  
  48  4:13  Probe  
  48  4:15  Phoenix (Chrono Boost)  
  51  4:19  Probe  
  52  4:25  Probe  
  52  4:31  Probe  
  54  4:32  Pylon  
  54  4:37  Probe, Pylon  
  55  4:43  Probe, Robotics Bay  
  55  4:44  Adept  
  58  4:46  Observer  
  58  4:49  Probe  
  60  4:55  Probe, Adept x2  
  65  5:01  Probe  
  66  5:07  Probe  
  66  5:13  Probe  
  66  5:15  Nexus  
  66  5:19  Probe  
  66  5:20  Pylon  
  67  5:25  Probe  
  67  5:27  Colossus (Chrono Boost)  
  68  5:31  Probe  
  68  5:33  Extended Thermal Lance  
  75  5:37  Probe  
  76  5:43  Probe  
  76  5:49  Probe  
  78  5:55  Probe  
  78  5:56  Sentry  
  78  5:57  Twilight Council, Forge  
  80  5:59  Pylon  
  80  6:02  Probe  
  81  6:08  Probe  
  82  6:12  Shield Battery  
  82  6:13  Colossus (Chrono Boost)  
  82  6:14  Probe  
  89  6:19  Protoss Ground Weapons Level 1 (Chrono Boost)  
  89  6:20  Probe  
  90  6:26  Probe  
  90  6:27  Probe  
  90  6:32  Probe  
  93  6:38  Probe, Charge (Chrono Boost)  
  94  6:41  Probe  
  94  6:43  Gateway  
  94  6:44  Probe  
  94  6:45  Gateway  
  96  6:49  Gateway  
  96  6:50  Probe  
  97  6:55  Colossus (Chrono Boost)  
  97  6:58  Probe  
  97  6:59  Assimilator  
  104  7:01  Pylon  
  104  7:08  Assimilator  
  104  7:09  Gateway  
  104  7:10  Gateway  
  104  7:11  Gateway  
  104  7:12  Templar Archives  
  104  7:14  Gateway  
  102  7:31  Pylon  
  102  7:32  Warp Prism (Chrono Boost), Pylon  
  104  7:43  Nexus  
  104  7:44  Pylon  
  104  7:49  High Templar x2  
  104  7:50  High Templar x2  
  104  7:51  Zealot x2  
  116  7:53  Pylon  
  116  7:54  Archon  
  116  7:55  Archon  
  116  7:59  Photon Cannon  
  116  8:01  Pylon, Photon Cannon  
  116  8:06  Zealot x3  
  116  8:10  Stalker  
  124  8:16  Stalker  
  124  8:17  Stalker  
  125  8:25  Protoss Ground Armor Level 1 (Chrono Boost)  
  125  8:27  Probe  
  126  8:34  Probe, Blink (Chrono Boost), Photon Cannon  
  126  8:36  Probe  
  126  8:39  Probe  
  129  8:45  High Templar x3  
  129  8:46  High Templar  
  129  8:47  Zealot x6  
  149  8:50  Pylon, Archon  
  149  8:51  Pylon, Archon  
  149  8:58  Probe x2  
  151  9:08  High Templar x2  
  151  9:09  Zealot x4  
  163  9:12  Archon  
  155  9:18  Probe  
  155  9:19  Stalker x4  
  150  9:30  Zealot x3  
  150  9:31  Zealot  
  126  9:32  Probe  
  126  9:34  Probe  
  126  9:39  Probe x2  
  126  9:40  Photon Cannon  
  126  9:44  Probe, Gravitic Drive (Chrono Boost)  
  129  9:46  Probe  
  129  9:51  Probe x2  
  129  9:52  Forge  
  132  9:53  Robotics Facility  
  132  9:55  High Templar x2  
  136  10:01  Archon  
  136  10:04  Photon Cannon  
  136  10:12  Assimilator  
  136  10:14  Assimilator  
  136  10:24  Stalker  
  136  10:25  Zealot x7  
  150  10:35  Phoenix (Chrono Boost)  
  150  10:41  Stalker x2  
  148  10:45  Stalker x5  
  150  10:52  Stalker x3  
  149  11:01  Protoss Ground Weapons Level 2 (Chrono Boost)  
  149  11:04  Probe x2, Protoss Ground Armor Level 2 (Chrono Boost)  
  150  11:06  Probe x2  
  153  11:16  Probe x2, Disruptor x2 (Chrono Boost)  
  155  11:18  Probe  
  162  11:25  Sentry x2  
  166  11:34  Stalker x3  
  170  11:43  Zealot x4  
  169  11:50  Zealot x2  
  133  11:59  Zealot x3  
  107  12:08  Stalker x2  
  107  12:12  Stalker  
  97  12:33  Nexus  
  97  12:35  Pylon  
  98  12:37  Observer (Chrono Boost)  
  94  12:44  Observer (Chrono Boost)  
  94  12:48  Probe  
  95  12:52  Disruptor (Chrono Boost)  
  95  12:53  Probe x2  
  95  12:56  Pylon  
  95  12:58  Disruptor  
  100  13:04  Probe  
  104  13:09  High Templar  
  104  13:10  Observer, High Templar x5  
  104  13:12  Sentry  
  118  13:13  Archon x2  
  118  13:14  Archon  
  118  13:17  Shield Battery  
  118  13:19  Photon Cannon  
  118  13:22  Stalker x2  
  122  13:27  Zealot  
  124  13:36  Pylon, Disruptor  
  124  13:39  Assimilator  
  124  13:40  Shield Battery  
  127  13:47  Protoss Ground Weapons Level 3 (Chrono Boost)  
  125  13:51  Disruptor  
  128  13:56  Probe x2  
  128  13:58  Probe  
  131  14:04  Zealot  
  131  14:08  Probe x2  
  131  14:09  Probe  
  136  14:10  Probe  
  136  14:11  Disruptor (Chrono Boost), Protoss Ground Armor Level 3 (Chrono Boost)  
  140  14:28  Zealot x3  
  140  14:29  High Templar x2  
  140  14:30  Pylon  
  150  14:36  Archon  
  150  14:41  Zealot  
  150  14:42  Gravitic Boosters (Chrono Boost)  
  153  14:47  Observer (Chrono Boost)  
  153  14:50  Observer (Chrono Boost)  
  154  15:04  Fleet Beacon  
  154  15:06  Stargate  
  154  15:13  Disruptor x2  
  158  15:16  Stalker x6, Pylon  
  166  15:40  Zealot x4  
  166  15:41  Zealot x4  
  182  15:48  Disruptor x2  
  129  16:09  Stalker x6  
  129  16:10  Stalker x2  
  112  16:22  Stalker  
  112  16:24  Disruptor x2  
  120  16:26  Stalker  
  121  16:52  Nexus  
  121  16:59  Observer  
  121  17:00  Stalker x4, Observer x2  
  121  17:01  Stalker  
  132  17:08  Stalker  
  132  17:09  Stalker  
  136  17:22  Stalker  
  136  17:23  Stalker x2  
  141  17:53  Stalker x5  
  141  17:56  Disruptor x2 (Chrono Boost)  
  156  17:58  Zealot x4  
  111  18:21  Stalker x3  
  111  18:22  Stalker x4  
  125  18:28  Disruptor x2 (Chrono Boost)  
  119  18:42  Stalker  
  119  18:43  Stalker x2  
  111  19:01  Disruptor x2  
  112  19:05  Stalker  
  112  19:06  Stalker x3  
  118  19:11  Zealot  
  116  19:24  Stalker x2  
  116  19:25  Stalker, Observer  
  122  19:37  Disruptor  
  122  19:42  Nexus  
  122  19:50  Stalker x2  
Tags
 
Add a new tag
Caveats
  • Supply blocks, unpowered buildings, or Contaminate may cause inaccurate times.
  • Supply counts are checked every 10 seconds.